 Dungeon Crawl Stone Soup version 0.29.1-1-gd02db6906a (webtiles) character file.

Game seed: 975622978710150123

5872 Icepheonix32 the Cleaver (level 10, -5/88 HPs)
             Began as a Minotaur Fighter on Sept 22, 2022.
             Killed from afar by an acid dragon (19 damage)
             ... with a splash of acid
             ... on level 9 of the Dungeon.
             The game lasted 00:13:46 (10362 turns).

Icepheonix32 the Cleaver (Minotaur Fighter)        Turns: 10362, Time: 00:13:47

Health: -5/88      AC: 13    Str: 24    XL:     10   Next: 52%
Magic:  0/9        EV: 11    Int:  5    God:
Gold:   147        SH:  0    Dex: 15    Spells: 9/9 levels left

rFire   + + .      SeeInvis .   K - +2 great mace (venom)
rCold   . . .      Faith    .   (shield currently unavailable)
rNeg    . . .      Spirit   +   b - +0 scale mail
rPois   +          Reflect  .   (helmet restricted)
rElec   +          Harm     .   I - +1 cloak of Dogma {rElec rF+}
rCorr   .          Rampage  .   w - +1 pair of gloves
Will    +....                   (no boots)
Stlth   +.........              y - amulet of guardian spirit
HPRegen 0.24/turn               s - +6 ring of dexterity
MPRegen 0.11/turn               u - ring of willpower

@: mighty, spiked
A: horns 2, retaliatory headbutt, fire resistance 1, poison resistance, weak 1
a: no special abilities


You were on level 9 of the Dungeon.
You visited 2 branches of the dungeon, and saw 12 of its levels.
You also visited: Sewer.

You collected 636 gold pieces.
You spent 489 gold pieces at shops.

Inventory:

Hand Weapons
 a - a +1 war axe of flaming
 r - a +2 great sword
 C - a +1 dagger of freezing
 K - a +2 great mace of venom (weapon)
Missiles
 l - 6 boomerangs (quivered)
 H - 2 curare-tipped darts
Armour
 b - a +0 scale mail (worn)
 c - a +0 buckler
 w - a +1 pair of gloves (worn)
 I - the +1 cloak of Dogma (worn) {rElec rF+}
   (You bought it in a shop on level 3 of the Dungeon)

   rF:        It protects you from fire.
   rElec:     It insulates you from electricity.
Jewellery
 s - a +6 ring of dexterity (left hand)
 u - a ring of willpower (right hand)
 x - a ring of poison resistance
 y - an amulet of guardian spirit (around neck)
 A - a ring of resist corrosion
Wands
 h - a wand of roots (5)
 i - a wand of mindburst (3)
 v - a wand of flame (17)
 L - a wand of polymorph (6)
 M - a wand of charming (8)
Scrolls
 e - a scroll of enchant armour
 f - a scroll of poison
 j - 3 scrolls of vulnerability
 k - a scroll of butterflies
 m - 7 scrolls of teleportation
 q - 2 scrolls of amnesia
 B - 3 scrolls of summoning
 E - a scroll of identify
 F - a scroll of enchant weapon
 G - a scroll of blinking
 J - 2 scrolls of magic mapping
Potions
 n - 3 potions of curing
 o - a potion of brilliance
 p - 2 potions of lignification
 t - a potion of resistance
 z - 2 potions of haste
 D - a potion of attraction


   Skills:
 + Level 8.2 Fighting
 + Level 2.0 Long Blades
 + Level 12.5(12.9) Axes
 + Level 4.8(9.4) Maces & Flails
 + Level 2.4 Throwing
 + Level 9.5 Armour
 + Level 3.3 Dodging
 + Level 1.5 Stealth
 + Level 5.0 Shields


You had 9 spell levels left.
You didn't know any spells.
Your spell library contained the following spells:

 Spells                   Type           Power      Damage    Failure   Level
 Apportation              Tloc           0%         N/A       75%         1
 Necrotise                Necr           0%         1d4       75%         1
 Summon Small Mammal      Summ           0%         N/A       75%         1
 Frozen Ramparts          Ice            0%         1d1       98%         3
 Gell's Gravitas          Tloc           0%         N/A       98%         3
 Lesser Beckoning         Tloc           0%         N/A       98%         3
 Teleport Other           Tloc           0%         N/A       98%         3
 Animate Dead             Necr           0%         N/A       100%        4
 Ice Form                 Ice/Tmut       0%         N/A       100%        4
 Passage of Golubria      Tloc           0%         N/A       100%        4
 Summon Ice Beast         Ice/Summ       0%         N/A       100%        4
 Borgnjor's Vile Clutch   Necr/Erth      0%         N/A       100%        5
 Silence                  Hex/Air        0%         N/A       100%        5
 Death Channel            Necr           0%         N/A       100%        6
 Lehudib's Crystal Spear  Conj/Erth      0%         10d2      100%        8


Dungeon Overview and Level Annotations

Branches:
Dungeon (11/15)            Temple (1/1) D:4            Lair (0/5) D:9
  Sewer (visited)
    Orc: D:9-12

Altars:
Ashenzari
Cheibriados
Dithmenos
Elyvilon
Fedhas
Gozag
Hepliaklqana
Kikubaaqudgha
Makhleb
Nemelex Xobeh
Qazlal
Ru
Trog
Uskayaw
Vehumet
Wu Jian
Xom
Yredelemnul
Zin
The Shining One

Shops:
D:3 [   D:6 (:[**   D:8 !!!

Annotations:
D:4 2 runed translucent doors, groovy9's ghost, novice FoHu


Innate Abilities, Weirdness & Mutations

You have a pair of horns on your head.
You reflexively headbutt those who attack you in melee.
Your flesh is heat resistant. (rF+)
Your system is resistant to poisons. (rPois)
You are weak. (Str -2)


Message History

You bludgeon the orange demon!!
The orange demon looks as sick as possible!
The orange demon is almost dead.
You feel very sick. The orange demon stings you. The orange demon misses you.
The orange demon stings you. The orange demon barely misses you.
You sock the orange demon!
You kill the orange demon!
You feel very sick.
The red devil hits you from afar with a +0 trident.
* * * LOW HITPOINT WARNING * * *
Barbed spikes become lodged in your body.
Unknown command.
The barbs in your skin will harm you if you move.
Continue?
Okay, then.
The barbs in your skin will harm you if you move.
Continue?
The barbed spikes dig painfully into your body as you move.
* * * LOW HITPOINT WARNING * * *
You feel sick.
An acid dragon comes into view.
The red devil hits you with a +0 trident!
* * * LOW HITPOINT WARNING * * *
Barbed spikes become lodged in your body.
You feel better.
The red devil hits you with a +0 trident!
* * * LOW HITPOINT WARNING * * *
Barbed spikes become lodged in your body.
You feel much better.
The red devil hits you with a +0 trident.
* * * LOW HITPOINT WARNING * * *
Barbed spikes become lodged in your body.
You feel very mighty all of a sudden. The red devil closely misses you.
You bludgeon the red devil!!
The red devil looks as sick as possible!
You headbutt the red devil.
You kill the red devil!
The acid dragon spits acid at you. The splash of acid hits you!!
You die...

........##
.........###+##
..>........#..# #
.........#.##.### ..
........##......# ~..
.......# #......# ~~~.
.....### #......# .~~.♣
...#######......##.~~~~P
..#....)).......@D...~P.
..+.######......##.).+..
..### #......# ### ..#
#.....(# ..# #......#
### #####.## ..# .### .


You could see an acid dragon (catching breath).

Vanquished Creatures
  A cyclops (D:11)
  A manticore (D:11)
  An orange demon (D:9)
  A red devil (D:9)
  A hornet (D:8)
  A troll (D:9)
  A shadow (D:11)
  A vampire (D:11)
  A ynoxinul (D:9)
  A basilisk (D:11)
  A neqoxec (D:9)
  2 wargs (D:9)
  An acid dragon (D:10)
  A water moccasin (D:6)
  A black bear (D:5)
  3 orc warriors
  An ice beast (D:6)
  4 sky beasts
  2 ogres
  2 centaurs
  3 phantoms
  4 kobold brigands
  A gnoll sergeant (D:7)
  3 bullfrogs
  2 scorpions (D:6)
  3 wights (D:8)
  3 howler monkeys (D:6)
  A jelly (D:7)
  3 hounds
  7 orc priests
  5 iguanas
  7 orc wizards
  11 adders
  3 gnolls (D:7)
  5 river rats (Sewer)
  A shadow imp (D:7)
  A white imp (D:5)
  An ufetubus (D:5)
  2 worms
  2 dart slugs (D:1)
  24 orcs
  9 endoplasms
  5 giant cockroaches
  5 goblins
  3 hobgoblins
  5 jackals
  26 kobolds
  4 quokkas
  7 ball pythons
  4 bats
  9 frilled lizards
  10 rats
207 creatures vanquished.

Vanquished Creatures (others)
  A demonic plant (D:9)
  5 plants (D:7)
6 creatures vanquished.

Grand Total: 213 creatures vanquished

Notes
Turn   | Place    | Note
-------+----------+-------------------------------------------
     0 | D:1      | Icepheonix32 the Minotaur Fighter began the quest for the
                  | Orb.
     0 | D:1      | Reached XP level 1. HP: 19/19 MP: 0/0
   225 | D:1      | Reached XP level 2. HP: 22/27 MP: 1/1
   832 | D:1      | Reached skill level 3 in Axes
   832 | D:1      | Reached XP level 3. HP: 33/33 MP: 2/2
  1467 | D:2      | Found a faded altar of an unknown god.
  1963 | D:3      | Found Hikhlur's Antique Armour Boutique.
  2194 | D:3      | Reached skill level 1 in Throwing
  2194 | D:3      | Reached XP level 4. HP: 40/40 MP: 3/3
  2507 | D:4      | Noticed a phantom
  2511 | D:4      | Killed a phantom
  2512 | D:4      | Reached skill level 4 in Axes
  2512 | D:4      | Reached XP level 5. HP: 46/46 MP: 4/4
  2683 | D:4      | Found a staircase to the Ecumenical Temple.
  2722 | Temple   | Entered the Ecumenical Temple
  2937 | D:4      | Reached skill level 5 in Axes
  2976 | D:4      | Found a glowing silver altar of Zin.
  2976 | D:4      | Noticed an angel
  2977 | D:4      | Found a shimmering altar of Xom.
  2990 | D:4      | Reached XP level 6. HP: 37/53 MP: 2/5
  3201 | D:4      | Found a large runed translucent door.
  3202 | D:4      | Found a large runed translucent door.
  3204 | D:4      | Noticed groovy9's ghost (novice FoHu)
  3626 | D:5      | Entered Level 5 of the Dungeon
  3684 | D:5      | Reached skill level 6 in Axes
  3684 | D:5      | Reached skill level 5 in Armour
  3887 | D:5      | Reached XP level 7. HP: 54/60 MP: 3/6
  4188 | D:5      | Found a stormy altar of Qazlal.
  4188 | D:5      | Found a hide-covered altar of Uskayaw.
  4466 | D:5      | Reached skill level 7 in Axes
  4466 | D:5      | Reached skill level 1 in Dodging
  4543 | D:5      | Found a basalt altar of Yredelemnul.
  4543 | D:5      | Found a radiant altar of Vehumet.
  4549 | D:5      | Found a broken altar of Ashenzari.
  4551 | D:5      | Found an ancient bone altar of Kikubaaqudgha.
  4553 | D:5      | Found a burning altar of Makhleb.
  4848 | D:6      | Reached skill level 5 in Fighting
  4902 | D:6      | Found Deucy's General Store.
  4921 | D:6      | Bought a scroll of brand weapon for 133 gold pieces
  4921 | D:6      | Bought a scroll of teleportation for 42 gold pieces
  4921 | D:6      | Bought a scroll of identify for 28 gold pieces
  4991 | D:6      | Found Coaq's Weapon Emporium.
  4998 | D:6      | Found Selo's Book Shop.
  5027 | D:6      | Found a glowing drain.
  5065 | Sewer    | Entered a sewer
  5415 | D:6      | Found Cajysiups's Antique Armour Shop.
  5421 | D:6      | Reached skill level 8 in Axes
  5421 | D:6      | Reached XP level 8. HP: 67/68 MP: 7/7
  5654 | D:6      | Reached skill level 9 in Axes
  6016 | D:6      | Found Ewkud's General Store.
  6024 | D:6      | Bought a scroll of identify for 24 gold pieces
  6102 | D:6      | Gained mutation: You are agile. (Dex +4, Str/Int -1)
                  | [potion of mutation]
  6102 | D:6      | Gained mutation: Your spells are a little harder to cast,
                  | but a little more powerful. [potion of mutation]
  6151 | D:6      | Lost mutation: You are agile. (Dex +4, Str/Int -1) [potion
                  | of mutation]
  6151 | D:6      | Lost mutation: Your spells are a little harder to cast, but
                  | a little more powerful. [potion of mutation]
  6151 | D:6      | Gained mutation: You occasionally lose the ability to read
                  | scrolls when taking damage. [potion of mutation]
  6151 | D:6      | Gained mutation: Your muscles are strong. (Str +4, Int/Dex
                  | -1) [potion of mutation]
  6152 | D:6      | Lost mutation: You occasionally lose the ability to read
                  | scrolls when taking damage. [potion of mutation]
  6152 | D:6      | Lost mutation: Your muscles are strong. (Str +4, Int/Dex
                  | -1) [potion of mutation]
  6152 | D:6      | Gained mutation: Your flesh is heat resistant. (rF+)
                  | [potion of mutation]
  6152 | D:6      | Gained mutation: Your system is resistant to poisons.
                  | (rPois) [potion of mutation]
  6259 | D:7      | Reached skill level 10 in Axes
  6273 | D:7      | Found a sacrificial altar of Ru.
  6810 | D:7      | Reached XP level 9. HP: 60/75 MP: 4/8
  6810 | D:7      | Found a white marble altar of Elyvilon.
  7066 | D:7      | Reached skill level 11 in Axes
  7186 | D:3      | Bought a slimy cloak for 218 gold pieces
  7186 | D:3      | Identified the +1 cloak of Dogma {rElec rF+} (You bought it
                  | in a shop on level 3 of the Dungeon)
  7361 | D:8      | Found Caib Bil's Distillery.
  7401 | D:8      | Found an opulent altar of Gozag.
  7481 | D:8      | Found a hazy altar of Hepliaklqana.
  7634 | D:8      | Found Vuovo's Distillery.
  7649 | D:8      | Bought a potion of degeneration for 11 gold pieces
  7649 | D:8      | Bought a potion of curing for 33 gold pieces
  8070 | D:8      | Found Duxtedapn's Magic Scroll Emporium.
  8079 | D:8      | Reached skill level 12 in Axes
  8330 | D:8      | Found Koloyfawn's Distillery.
  8451 | D:8      | Paralysed by a hornet for 3 turns
  8454 | D:8      | HP: 2/76 [hornet (7)]
  8458 | D:8      | Reached skill level 1 in Stealth
  8458 | D:8      | Reached skill level 5 in Shields
  8957 | D:9      | Reached skill level 1 in Long Blades
  8999 | D:9      | You fall into a shaft and drop 2 floors!
  9030 | D:11     | Noticed a manticore
  9044 | D:11     | Killed a manticore
  9397 | D:11     | Noticed a cyclops
  9403 | D:11     | Killed a cyclops
  9404 | D:11     | Reached XP level 10. HP: 58/86 MP: 5/9
  9577 | D:11     | Noticed a green ugly thing
  9588 | D:10     | Entered Level 10 of the Dungeon
  9612 | D:10     | HP: 1/88 [acid dragon/splash of acid (25)]
  9614 | D:10     | Reached skill level 1 in Maces & Flails
 10142 | D:9      | Found a staircase to the Lair.
 10345 | D:9      | Gained mutation: You are weak. (Str -2) [a neqoxec]
 10350 | D:9      | Noticed an orange demon
 10357 | D:9      | Killed an orange demon
 10359 | D:9      | HP: 1/88 [red devil/+0 trident (13)]
 10362 | D:9      | Killed from afar by an acid dragon

Illustrated notes

Levels and vault maps discovered:
D:1:      dpeg_arrival_renting, layout_loops_corners, amcnicky_mini_pool_small,
          minmay_pentomino_s4
D:2:      layout_loops_ring, chequers_ecumenical_altar_simple_redux
D:3:      layout_loops_cross, serial_shops, nicolae_shop_stone,
          kennysheep_generic_room_11
D:4:      layout_loops_ring, grunt_temple_overflow_order_and_chaos_1,
          minmay_temple_entry_mist, ebering_ghost_disaster_area
D:5:      layout_cave_pods, amethyst_overflow_temple_binary,
          chequers_temple_overflow_minitemple, serial_rivers,
          chequers_serial_rivers_room_b, chequers_serial_rivers_large_a,
          chequers_serial_rivers_micro_b, chequers_serial_rivers_marsh,
          chequers_serial_rivers_micro_a
D:6:      layout_basic, serial_shops, nicolae_shop_stone,
          nicolae_shop_waterfront, shop_fountains, shop, nicolae_diamond_shop,
          gup_sewer_entry_glass
D:7:      layout_basic, nicolae_elyvilon_temple_path, amcnicky_altar_gilded
D:8:      layout_cave_pods, grunt_gozag_breadcrumbs, lemuel_tele_altar,
          serial_shops, shop, nicolae_take_the_stairs, nicolae_lakefront_shop,
          nicolae_square_shop, grunt_ministairs_4, minivault_14
D:9:      layout_roguey, jmf_multi_god_temple, erik_lair_orcish_takeover,
          serial_demonic, serial_demonic_c, serial_demonic_g, serial_demonic_g,
          serial_demonic_c, serial_demonic_e, serial_demonic_f, serial_demonic_e
D:10:     layout_loops_ring, minmay_orc_entry_temple_small
D:11:     layout_long_grid, maelrawn_ghost_gauntlet_escape
Temple:   nicolae_temple_great_sept

Skill      XL: |  1  2  3  4  5  6  7  8  9 10 |
---------------+-------------------------------+-----
Armour         | 4 5 6 7 8 9 |  9.5
Fighting       | 4 5 6 7 8 |  8.2
Axes           | 3 4 5 6 8 10 12 | 12.5
Shields        | 4 5 |  5.0
Throwing       | 1 2 |  2.4
Dodging        | 1 3 |  3.3
Stealth        | 1 |  1.5
Long Blades    | 2 |  2.0
Maces & Flails | 4 |  4.8

Action                   |  1- 3 |  4- 6 |  7- 9 | 10-12 || total
-------------------------+-------+-------+-------+-------++-------
Melee: War axe           |    79 |    93 |   253 |       ||   425
       Headbutt          |     7 |    12 |    44 |    16 ||    79
       Great sword       |       |       |    18 |       ||    18
       Great mace        |       |       |     6 |    73 ||    79
Throw: Boomerang         |    38 |     1 |     1 |       ||    40
  Use: Potion            |       |     3 |     8 |     5 ||    16
       Scroll            |       |       |    15 |     1 ||    16
Armor: Scale mail        |    45 |    76 |   109 |    86 ||   316
Dodge: Dodged            |    40 |    28 |   151 |    56 ||   275
Block: Buckler           |    22 |    17 |    53 |       ||    92
